 Dungeon Crawl Stone Soup version 0.19-a0-1608-g4cf22de (webtiles) character file.

119 jacquesderrida the Slasher (level 5, 0/26 HPs)
             Began as a Vine Stalker Skald on Sept 17, 2016.
             Slain by Grinder (3 damage)
             ... while paralysed by Grinder
             ... on level 4 of the Dungeon.
             The game lasted 00:03:48 (816 turns).

jacquesderrida the Slasher (Vine Stalker Skald)      Turns: 816, Time: 00:03:48

Health: 0/26       AC:  5    Str: 14    XL:     5   Next: 3%
Magic:  0/9        EV:  2    Int: 17    God:
Gold:   73         SH:  0    Dex: 20    Spells: 1 memorised, 7 levels left

rFire  . . .     SeeInvis .     a - +0 falchion
rCold  . . .     Gourm    .     g - +0 ring mail
rNeg   . . .     Faith    .     (no shield)
rPois  .         Spirit   +     (no helmet)
rElec  .         Dismiss  .     (no cloak)
rCorr  .         Reflect  .     (no gloves)
MR     .....     Harm     .     (no boots)
Stlth  ++........               (no amulet)
                                (no ring)
                                f - ring of flight

@: paralysed, brilliant, agile
A: fangs 2, regeneration 1, magic shield, antimagic bite, no device heal 3, rot
immunity
a: Evoke Flight


You were on level 4 of the Dungeon.
You were not hungry.

You visited 1 branch of the dungeon, and saw 4 of its levels.

You collected 73 gold pieces.

Inventory:

Hand Weapons
 a - a +0 falchion (weapon)
Armour
 b - a +0 leather armour
 g - a +0 ring mail (worn)
Jewellery
 f - a ring of flight (left hand)
Scrolls
 h - 2 scrolls of immolation {unknown}
 m - a scroll of teleportation {unknown}
 p - a scroll of enchant weapon {unknown}
 q - a scroll of enchant armour {unknown}
Potions
 e - a potion of curing
 j - a potion of heal wounds
 n - a potion of haste {unknown}
Books
 c - a book of Battle

   Spells                             Type                      Level
   a - Infusion                       Charms                       1
   b - Shroud of Golubria             Charms/Translocation         2
   c - Song of Slaying                Charms                       2
   d - Spectral Weapon                Hexes/Charms                 3
   e - Regeneration                   Charms/Necromancy            3
Comestibles
 d - a bread ration
 i - 4 fruits
 k - a meat ration
 l - a chunk of flesh


   Skills:
 - Level 1.7 Fighting
 + Level 4.5 Long Blades
 - Level 0.7 Armour
 - Level 0.7 Dodging
 - Level 2.1 Spellcasting
 - Level 3.0 Charms


You had 7 spell levels left.
You knew the following spells:

 Your Spells              Type           Power        Failure   Level  Hunger
a - Infusion              Chrm           ###.         1%          1    #......


Dungeon Overview and Level Annotations

Branches:
Dungeon (4/15)
 Temple: D:4-7

Altars:

Annotations:
D:4 Grinder


Innate Abilities, Weirdness & Mutations

You have extremely sharp teeth.
Your natural rate of healing is unusually fast.
When hurt, damage is shared between your health and your magic reserves.
Your bite disrupts and absorbs the magic of your enemies.
Potions and wands cannot restore your health.
You are immune to rotting.


Message History

Grinder is heavily wounded.
Grinder barely misses you.
You riposte.
You hit Grinder but do no damage.
Grinder is heavily wounded.
You barely miss Grinder. Your bite misses Grinder.
Grinder is heavily wounded.
Grinder falters for a moment.
You hit Grinder but do no damage. Your bite misses Grinder.
Grinder is heavily wounded.
Grinder barely misses you.
You hit Grinder but do no damage. You bite Grinder.
Grinder's magic leaks into the air.
You drain her magic.
You feel invigorated.
Grinder is heavily wounded.
Grinder gestures at you.
You suddenly lose the ability to move!
Grinder hits you.
* * * LOW HITPOINT WARNING * * *
Grinder hits you.
* * * LOW HITPOINT WARNING * * *
You writhe in agony.
You die...

##........##
.#..........#
............####
#...............
#.>.............
#...............
##...†.........
#....5@........
#..........##.
#......<...#
#..........#
#..............
##........##...
##......## ##
########


You could see Grinder.

Vanquished Creatures
  2 orc wizards (D:3)
  2 adders
  A worm (D:3)
  A leopard gecko (D:2)
  4 orcs
  A ball python (D:1)
  2 bats (D:2)
  3 giant cockroaches
  3 goblins
  4 hobgoblins
  3 jackals (D:2)
  4 kobolds
  2 quokkas
  A frilled lizard (D:2)
  3 rats
36 creatures vanquished.

Notes
Turn   | Place    | Note
-------+----------+-------------------------------------------
     0 | D:1      | jacquesderrida the Vine Stalker Skald began the quest for the Orb.
     0 | D:1      | Reached XP level 1. HP: 11/11 MP: 4/4
   118 | D:1      | Reached skill level 2 in Long Blades
   182 | D:2      | Reached XP level 2. HP: 13/15 MP: 6/6
   349 | D:2      | Reached skill level 3 in Long Blades
   357 | D:2      | Reached XP level 3. HP: 4/18 MP: 5/7
   395 | D:3      | Noticed a killer bee
   395 | D:3      | Noticed a killer bee
   395 | D:3      | Noticed a killer bee
   397 | D:3      | Noticed a killer bee
   397 | D:3      | Noticed a killer bee
   588 | D:3      | Gained mutation: Your natural rate of healing is unusually fast. [Vine Stalker growth]
   588 | D:3      | Reached XP level 4. HP: 6/23 MP: 6/8
   603 | D:3      | Reached skill level 4 in Long Blades
   709 | D:3      | Reached XP level 5. HP: 26/26 MP: 9/9
   796 | D:4      | Noticed Grinder
   798 | D:4      | Paralysed by Grinder for 6 turns
   814 | D:4      | Paralysed by Grinder for 3 turns
   816 | D:4      | Slain by Grinder

Vault maps used:
D:1:      arrival_zaba_pyramid
D:2:      ecumenical_altar_2, first_bread
D:3:      roderic_serpentine_path, kennysheep_decorative_pillar
D:4:      kennysheep_kobold_camp, nrook_uturn, solitary_fountain, uniq_grinder,
          uniq_edmund, uniq_blork_the_orc

Skill      XL: |  1  2  3  4 |
---------------+-------------+-----
Long Blades    | 2 3 4 |  4.5
Fighting       | |  1.7
Armour         | |  0.7
Dodging        | |  0.7
Spellcasting   | |  2.1
Charms         | |  3.0

Action                   |  1- 3 |  4- 6 || total
-------------------------+-------+-------++-------
Melee: Falchion          |   110 |    59 ||   169
       Bite              |    16 |    21 ||    37
  Use: Potion            |     2 |     2 ||     4
Armor: Ring mail         |    32 |    12 ||    44
Dodge: Dodged            |    48 |    17 ||    65
